 Dungeon Crawl Stone Soup version bcrawl-1.13.1 (webtiles) character file.

Game seed: 13684878001613818020

50108 Flugkiller the Devastator (level 14, -1/84 HPs)
             Began as a Skeleton Fire Elementalist on Aug 5, 2019.
             Was an Elder of Sif Muna.
             Slain by a manticore (2 damage)
             ... on level 9 of the Dungeon.
             The game lasted 00:35:20 (22891 turns).

Flugkiller the Devastator (SkFE)                   Turns: 22891, Time: 00:35:21

Health: -1/84      AC:  6    Str: 15 (16) XL:     14   Next: 18%
Magic:  0/31       EV: 15    Int: 22      God:    Sif Muna [****..]
Gold:   1325       SH:  2    Dex: 13      Spells: 10/39 levels left

rFire    + + +     SeeInvis .   a - +7 hand axe "Ywilus" {flame, Int+4}
rCold    + . .     Gourm    .   (no shield)
rNeg     + + +     Faith    .   b - +2 robe of Vexation {rF++ Dex+4}
rPois    ∞         Spirit   +   j - +0 helmet
rElec    +         Reflect  +   m - +0 cloak {rPois}
rCorr    .         Harm     .   (no gloves)
MR       ++...                  (no boots)
Stlth    ++........             w - +2 amulet of reflection
HPRegen  0.24/turn              A - ring of insulation
MPRegen  0.22/turn              c - ring of protection from fire

@: about to teleport, barbed spikes, divine energy
A: no food or potions, cold resistance 1, deterioration 1, negative energy
resistance 3, powered by death 1, torment resistance, unbreathing, magic shield,
sturdy frame 2, spell healing
a: Stop Divine Energy, Channel Magic, Forget Spell, Renounce Religion


You were on level 9 of the Dungeon.
You worshipped Sif Muna.
Sif Muna was greatly pleased with you.
You were not hungry.

You visited 2 branches of the dungeon, and saw 16 of its levels.
You also visited: Sewer.

You collected 1490 gold pieces.
You spent 165 gold pieces at shops.

Inventory:

Hand Weapons
 a - the +7 hand axe "Ywilus" (weapon) {flame, Int+4}
   (You found it on level 4 of the Dungeon)

   It has been specially enchanted to burn those struck by it, causing extra
   injury to most foes and up to half again as much damage against particularly
   susceptible opponents.
   Big, fiery blades are also staple armaments of hydra-hunters.
   It affects your intelligence (+4).
Missiles
 t - 2 throwing nets (quivered) {!f}
Armour
 b - the +2 robe of Vexation (worn) {rF++ Dex+4}
   (You bought it in a shop on level 4 of the Dungeon)

   It affects your dexterity (+4).
   It greatly protects you from fire.
 j - a +0 helmet (worn)
 m - a +0 cloak of poison resistance (worn)
 p - a +0 shield
Jewellery
 c - a ring of protection from fire (right hand)
 f - an uncursed ring of flight
 w - a +2 amulet of reflection (around neck)
 y - an uncursed ring of protection from magic
 A - a ring of insulation (left hand)
Wands
 d - a wand of iceblast (19)
 k - a wand of random effects (9)
 r - a wand of acid (8)
 z - a wand of enslavement (10)
Scrolls
 e - 2 scrolls of fog
 g - 2 scrolls of enchant armour
 h - 4 scrolls of enchant weapon
 i - 11 scrolls of teleportation
 l - 2 scrolls of amnesia
 n - 4 scrolls of remove curse
 o - a scroll of immolation
 q - a scroll of vulnerability
 s - 2 scrolls of blinking
 u - a scroll of summoning
 v - a scroll of acquirement
 x - 3 scrolls of identify


   Skills:
 - Level 8.0 Fighting
 - Level 6.0 Dodging
 - Level 2.5 Stealth
 - Level 13.0 Spellcasting
 - Level 15.0 Conjurations
 + Level 8.5 Hexes
 - Level 12.0 Fire Magic
 - Level 5.3 Invocations
 - Level 5.3 Evocations


You had 10 spell levels left.
You knew the following spells:

 Your Spells              Type           Power        Failure   Level  Hunger
a - Flame Tongue          Conj/Fire      #####        1%          1    N/A
b - Inner Flame           Hex/Fire       N/A          1%          3    N/A
c - Conjure Flame         Conj/Fire      ######..     1%          3    N/A
d - Sticky Flame          Conj/Fire      ######..     1%          4    N/A
e - Fireball              Conj/Fire      ######....   1%          5    N/A
f - Bolt of Fire          Conj/Fire      ######....   2%          6    N/A
g - Mana Rupture          Conj/Hex       ######....   30%         7    N/A

Your spell library contained the following spells:

 Spells                   Type           Power        Failure   Level  Hunger
 Searing Ray              Conj           ######       0%          2    N/A
 Confuse                  Hex            ######..     1%          3    N/A
 Stone Arrow              Conj/Erth      #####.       1%          3    N/A
 Tukima's Dance           Hex            ######..     1%          3    N/A
 Fulminant Prism          Conj/Hex       ######....   1%          4    N/A
 Throw Icicle             Conj/Ice       #####...     1%          4    N/A
 Leda's Liquefaction      Hex/Erth       ####......   2%          3    N/A
 Bolt of Magma            Conj/Fire/Erth ######....   3%          5    N/A
 Animate Skeleton         Necr           N/A          4%          1    N/A
 Pain                     Necr           ##..         4%          1    N/A
 Bolt of Draining         Conj/Necr      #####.....   5%          5    N/A
 Iskenderun's Battlesphe  Conj/Chrm      #####...     5%          5    N/A
 Lightning Bolt           Conj/Air       #####.....   5%          5    N/A
 Passwall                 Tmut/Erth      ##......     7%          2    N/A
 Portal Projectile        Tloc           ##....       13%         3    N/A
 Vampiric Draining        Necr           ##........   13%         3    N/A
 Darkness                 Hex            ######....   21%         6    N/A
 Silence                  Hex/Air        ####......   22%         5    N/A
 Iron Shot                Conj/Erth      #####.....   30%         6    N/A
 Animate Dead             Necr           N/A          41%         4    N/A
 Force Lance              Tloc           ##......     41%         4    N/A
 Piercing Shot            Chrm           ##........   77%         5    N/A
 Icicle Burst             Conj/Ice       #####.....   86%         7    N/A
 Ignition                 Fire           ######....   91%         8    N/A
 Deflect Missiles         Chrm/Air       ##........   100%        6    N/A
 Chain Lightning          Conj/Air       #####.....   100%        8    N/A
 Discord                  Hex            ######....   100%        8    N/A
 Lehudib's Crystal Spear  Conj/Erth      #####.....   100%        8    N/A
 Fire Storm               Conj/Fire      ######....   100%        9    N/A
 Shatter                  Erth           ##........   100%        9    N/A
 Tornado                  Air            ##........   100%        9    N/A
 Regeneration             Chrm/Necr      Unusable     N/A         3    N/A

Dungeon Overview and Level Annotations

Branches:
Dungeon (10/12)            Temple (0/1) D:7            Lair (6/6) D:9
  Swamp (0/3) Lair:3       Spider (0/3) Lair:3        Slime (0/5) Lair:6
    Orc: D:8-11

Altars:
Dithmenos
Elyvilon
Kikubaaqudgha
Lugonu
Qazlal
Sif Muna
Uskayaw
Xom
Zin
The Shining One
Jiyva

Shops:
D:4 *


Innate Abilities, Weirdness & Mutations

You do not eat or drink.
You are immune to poison.
Your flesh is cold resistant. (rC+)
Your body sometimes deteriorates upon taking damage.
You are immune to negative energy. (rN+++)
You regenerate a little health from kills.
You are immune to unholy pain and torment.
You can survive without breathing.
When hurt, damage is shared between your health and your magic reserves.
Your movements are less encumbered by armour. (ER -4)
Casting spells heals you.


Message History

Casting: Bolt of Fire (safe; 2% risk of failure)
Confirm with . or Enter, or press ? or * to list all spells.
Aiming: Fireball (safe; 1% risk of failure)
Press: ? - help, Shift-Dir - straight line, f - you That beam is likely to hit you.
Continue anyway?
Okay, then.
Unknown command.
Casting: Fireball (safe; 1% risk of failure)
Confirm with . or Enter, or press ? or * to list all spells.
Aiming: Bolt of Fire (safe; 2% risk of failure)
Press: ? - help, Shift-Dir - straight line The bolt of fire hits the manticore.
The manticore is almost dead.
The slime creature hits you!
* * * LOW HITPOINT WARNING * * *
The manticore bites you!!
* * * LOW HITPOINT WARNING * * *
The manticore claws you but does no damage.
The manticore claws you.
You die...

.....#######....................#
.....#.....#................#####
.....#.....#................#
...).#.....#..............###
#....#.....#..............#
#....#.....#..............#
#....#.....#..............#
#<...#.....#...J.H........#
#....##....#...J@.........#
#.....#....#...J..#####...#
#.....###'##......# #..##
#.................# #..#
#.................# #..#
.....>............# #..#
..................# #..#
##+##.............# #..#
....#.............# #..####


You could see 3 slime creatures and a manticore.

Vanquished Creatures
  5 hydras
  A centaur warrior (D:9)
  A two-headed ogre (D:5)
  6 death yaks (Lair:5)
  An alligator (Lair:6)
  A necromancer (Lair:2)
  Pikel (D:8)
  An orb spider (Lair:3)
  A deep elf mage (D:9)
  3 black mambas
  2 centaur zombies (D:9)
  2 torpor snails
  16 elephants
  Joseph (D:9)
  A centaur skeleton (D:8)
  3 rime drakes
  11 cane toads
  4 komodo dragons
  8 polar bears
  A troll (D:9)
  7 hornets (Lair:6)
  A queen bee (Lair:1)
  8 hippogriffs
  Prince Ribbit (D:7)
  21 dream sheep
  7 blink frogs
  11 spriggans (Lair:6)
  2 wyverns
  Sigmund (D:2)
  A basilisk (Lair:5)
  20 yaks
  5 swamp worms (Lair:3)
  7 water moccasins
  11 porcupines
  2 ice beasts
  2 orc warriors
  A sky beast (D:5)
  2 slaves (D:8)
  4 black bears
  8 ogres
  24 wolves
  A centaur (D:6)
  2 boggarts (Lair:6)
  8 crocodiles
  A big kobold (D:8)
  17 bullfrogs
  A water moccasin zombie (D:7)
  4 scorpions
  24 killer bees (Lair:1)
  An electric eel (Lair:3)
  7 crimson imps
  A quasit (D:7)
  5 hounds
  4 orc priests
  2 bullfrog skeletons
  Crazy Yiuf (D:6)
  An iguana (D:9)
  Terence (D:2)
  3 orc wizards
  4 yak simulacra (Lair:2)
  Natasha (thrice) (D:3)
  6 worker ants
  5 wolf simulacra (Lair:2)
  A hound skeleton (D:3)
  2 howler monkey zombies
  A howler monkey skeleton (D:4)
  9 adders
  2 shadow imps (D:7)
  2 oozes
  4 adder zombies
  An adder skeleton (D:8)
  7 worms
  2 dart slugs
  3 leopard geckos
  25 orcs
  4 ball pythons
  4 giant cockroaches
  7 goblins
  2 hobgoblins
  8 jackals
  11 kobolds
  9 quokkas
  9 bats
  A frilled lizard (Sewer)
  A jackal zombie (D:6)
  9 rats
  2 river rat simulacra (Lair:2)
  5 fungi
449 creatures vanquished.

Vanquished Creatures (others)
  A quokka (D:8)
  16 fungi
  7 plants
24 creatures vanquished.

Grand Total: 473 creatures vanquished

Notes
Turn   | Place    | Note
-------+----------+-------------------------------------------
     0 | D:1      | Flugkiller the Skeleton Fire Elementalist began the quest
                  | for the Orb.
     0 | D:1      | Reached XP level 1. HP: 10/10 MP: 4/4
   306 | D:1      | Reached XP level 2. HP: 15/15 MP: 3/6
  1562 | D:2      | Found a shimmering altar of Xom.
  1574 | D:2      | Reached XP level 3. HP: 18/19 MP: 6/8
  1686 | D:2      | Found a faded altar of an unknown god.
  1765 | D:2      | Learned a level 3 spell: Conjure Flame
  1805 | D:2      | Noticed Terence
  1814 | D:2      | Killed Terence
  1814 | D:2      | Reached skill level 2 in Conjurations
  1814 | D:2      | Reached XP level 4. HP: 23/24 MP: 2/9
  1989 | D:2      | Noticed Sigmund
  2034 | D:2      | Killed Sigmund
  2034 | D:2      | Reached skill level 3 in Conjurations
  2034 | D:2      | Reached XP level 5. HP: 22/28 MP: 8/11
  2096 | D:2      | Learned a level 3 spell: Inner Flame
  2523 | D:3      | Reached skill level 4 in Conjurations
  2686 | D:3      | Gained mutation: You regenerate a little health from kills.
                  | [Skeleton growth]
  2686 | D:3      | Reached XP level 6. HP: 32/32 MP: 8/13
  2745 | D:3      | Noticed Natasha
  2751 | D:3      | Killed Natasha
  2950 | D:3      | Reached skill level 5 in Fire Magic
  2987 | D:3      | Noticed Natasha
  2992 | D:3      | Killed Natasha
  3021 | D:3      | Learned a level 4 spell: Sticky Flame
  3055 | D:3      | Noticed Natasha
  3064 | D:3      | Killed Natasha
  3306 | D:3      | Reached skill level 5 in Spellcasting
  3696 | D:4      | Reached skill level 5 in Conjurations
  3713 | D:4      | Reached XP level 7. HP: 36/36 MP: 1/15
  4124 | D:4      | Found Entilaad's Assorted Antiques.
  4127 | D:4      | Bought a dull robe for 165 gold pieces
  4137 | D:4      | Identified the +2 robe of Vexation {rF++ Dex+4} (You bought
                  | it in a shop on level 4 of the Dungeon)
  4201 | D:4      | Got a fine hand axe
  4290 | D:4      | Identified the +7 hand axe "Ywilus" {flame, Int+4} (You
                  | found it on level 4 of the Dungeon)
  4413 | D:5      | Entered Level 5 of the Dungeon
  4416 | D:5      | Noticed a two-headed ogre
  4526 | D:5      | Killed a two-headed ogre
  4526 | D:5      | Reached skill level 7 in Conjurations
  4526 | D:5      | Reached XP level 8. HP: 23/41 MP: 4/18
  4951 | D:5      | Learned a level 5 spell: Fireball
  5001 | D:5      | Reached skill level 8 in Conjurations
  5453 | D:6      | Found a white marble altar of Elyvilon.
  5464 | D:6      | Found an ancient bone altar of Kikubaaqudgha.
  5464 | D:6      | Found a deep blue altar of Sif Muna.
  5464 | D:6      | Found a stormy altar of Qazlal.
  5470 | D:6      | Found a hide-covered altar of Uskayaw.
  5470 | D:6      | Found a glowing silver altar of Zin.
  5482 | D:6      | Became a worshipper of Sif Muna the Loreminder
  5618 | D:6      | Reached XP level 9. HP: 23/45 MP: 2/20
  5787 | D:6      | Found a glowing drain.
  5790 | D:6      | Reached * piety under Sif Muna
  5801 | Sewer    | Entered a sewer
  6294 | D:6      | Found a runed door.
  6298 | D:6      | Noticed Crazy Yiuf
  6301 | D:6      | Killed Crazy Yiuf
  6357 | D:7      | Reached skill level 9 in Conjurations
  6709 | D:7      | Reached ** piety under Sif Muna
  6827 | D:7      | Found a staircase to the Ecumenical Temple.
  6903 | D:7      | Identified Sif Muna's Papyrus of Battle Magic (Sif Muna
                  | gifted it to you on level 7 of the Dungeon)
  6903 | D:7      | Received a gift from Sif Muna
  7023 | D:7      | Reached skill level 1 in Fighting
  7185 | D:7      | Noticed Prince Ribbit
  7263 | D:7      | Killed Prince Ribbit
  7269 | D:7      | Reached skill level 10 in Conjurations
  8195 | D:8      | Found a shadowy altar of Dithmenos.
  8204 | D:8      | Found a corrupted altar of Lugonu.
  8226 | D:8      | Found a glowing golden altar of the Shining One.
  8344 | D:8      | Gained mutation: Your movements are less encumbered by
                  | armour. (ER -4) [Skeleton growth]
  8344 | D:8      | Reached XP level 10. HP: 55/55 MP: 0/22
  8425 | D:8      | Noticed Pikel
  8480 | D:8      | Killed Pikel
  8480 | D:8      | Reached skill level 11 in Conjurations
  9160 | D:9      | Reached skill level 5 in Dodging
  9491 | D:9      | Reached skill level 5 in Fighting
  9595 | D:9      | Got a twisted leather armour
  9680 | D:9      | Noticed Joseph
  9697 | D:9      | Found a staircase to the Lair.
  9987 | D:9      | Killed Joseph
 10071 | D:9      | Noticed a deep elf mage
 10078 | D:9      | Killed a deep elf mage
 10078 | D:9      | Reached skill level 1 in Invocations
 10078 | D:9      | Reached skill level 1 in Evocations
 10184 | D:9      | Noticed a centaur warrior
 10222 | D:9      | Killed a centaur warrior
 10459 | Lair:1   | Entered Level 1 of the Lair of Beasts
 10487 | Lair:1   | Reached XP level 11. HP: 60/64 MP: 15/23
 11469 | Lair:1   | Noticed a seven-headed hydra
 11511 | Lair:1   | HP: 2/64 [seven-headed hydra (8)]
 11527 | Lair:1   | Killed a seven-headed hydra
 11527 | Lair:1   | Reached skill level 5 in Invocations
 11527 | Lair:1   | Reached skill level 5 in Evocations
 11826 | Lair:1   | Learned a level 6 spell: Bolt of Fire
 11857 | Lair:1   | Identified Sif Muna's Tome of the Captivating Traveller
                  | (Sif Muna gifted it to you on level 1 of the Lair of
                  | Beasts)
 11857 | Lair:1   | Received a gift from Sif Muna
 13095 | Lair:2   | Noticed a five-headed hydra
 13099 | Lair:2   | Killed a five-headed hydra
 13568 | Lair:2   | Reached skill level 12 in Conjurations
 13575 | Lair:2   | Reached skill level 10 in Fire Magic
 13711 | Lair:2   | Noticed a necromancer
 13712 | Lair:2   | Reached XP level 12. HP: 70/70 MP: 19/25
 13714 | Lair:2   | Reached *** piety under Sif Muna
 13714 | Lair:2   | Reached skill level 10 in Spellcasting
 13820 | Lair:2   | Identified Sif Muna's Tome of Lucky Malediction (Sif Muna
                  | gifted it to you on level 2 of the Lair of Beasts)
 13820 | Lair:2   | Received a gift from Sif Muna
 14903 | Lair:3   | Got a steaming scale mail
 14997 | Lair:3   | Found a hole to the Spider Nest.
 15718 | Lair:3   | Found a staircase to the Swamp.
 15969 | Lair:3   | Reached skill level 13 in Conjurations
 16211 | Lair:4   | Identified the +3 scale mail "Docuw" {*Drain rPois SInv
                  | Stlth+} (You found it on level 3 of the Lair of Beasts)
 16246 | Lair:4   | Identified the +2 leather armour of Circular Logic {rF-
                  | rC+++ MR+ rCorr} (You found it on level 9 of the Dungeon)
 16313 | Lair:3   | Received a gift from Sif Muna
 17966 | Lair:5   | Reached skill level 14 in Conjurations
 17990 | Lair:5   | Noticed a death yak
 17990 | Lair:5   | Noticed a death yak
 18026 | Lair:5   | Killed a death yak
 18147 | Lair:5   | Killed a death yak
 18147 | Lair:5   | Reached XP level 13. HP: 74/74 MP: 9/28
 18380 | Lair:5   | Reached **** piety under Sif Muna
 18397 | Lair:5   | Identified Sif Muna's Collected Works on Stones (Sif Muna
                  | gifted it to you on level 5 of the Lair of Beasts)
 18397 | Lair:5   | Received a gift from Sif Muna
 18648 | Lair:5   | Reached skill level 15 in Conjurations
 19035 | Lair:5   | Learned a level 7 spell: Mana Rupture
 19260 | Lair:5   | Identified a scroll of acquirement
 19307 | Lair:5   | Reached skill level 1 in Hexes
 19904 | Lair:6   | Entered Level 6 of the Lair of Beasts
 20441 | Lair:6   | Reached skill level 5 in Hexes
 20867 | Lair:6   | Received a gift from Sif Muna
 21630 | Lair:6   | Reached XP level 14. HP: 84/84 MP: 12/31
 22236 | Lair:6   | Found a viscous altar of Jiyva.
 22236 | Lair:6   | Found a staircase to the Slime Pits.
 22886 | D:10     | Entered Level 10 of the Dungeon
 22891 | D:9      | HP: 1/84 [manticore (18)]
 22891 | D:9      | Slain by a manticore

Skill      XL: |  1  2  3  4  5  6  7  8  9 10 11 12 13 14 |
---------------+-------------------------------------------+-----
Conjurations   | 2 3 4 5 7 8 10 11 12 14 15 | 15.0
Spellcasting   | 4 5 6 7 8 9 11 13 | 13.0
Fire Magic     | 4 5 7 8 9 10 12 | 12.0
Fighting       | 2 6 8 |  8.0
Dodging        | 3 6 |  6.0
Invocations    | 3 5 |  5.3
Evocations     | 3 5 |  5.3
Hexes          | 6 8 |  8.5
Stealth        | |  2.5

Action                   |  1- 3 |  4- 6 |  7- 9 | 10-12 | 13-15 || total
-------------------------+-------+-------+-------+-------+-------++-------
Melee: Unarmed           |    16 |    23 |       |       |       ||    39
       Hand axe          |       |       |    81 |    69 |    53 ||   203
 Cast: Flame Tongue      |    61 |    75 |   232 |   318 |    53 ||   739
       Conjure Flame     |       |     3 |    10 |     7 |     1 ||    21
       Inner Flame       |       |     3 |     3 |     5 |     6 ||    17
       Sticky Flame      |       |       |     8 |    41 |    18 ||    67
       Fireball          |       |       |     9 |    54 |    31 ||    94
       Bolt of Fire      |       |       |       |    37 |    75 ||   112
Invok: Divine Energy     |       |       |       |     1 |       ||     1
Evoke: Wand              |       |     7 |     2 |     7 |     2 ||    18
  Use: Scroll            |       |     3 |     5 |     3 |     5 ||    16
Armor: Robe              |    15 |    13 |    65 |    64 |    35 ||   192
Dodge: Dodged            |    53 |    24 |   132 |   259 |   140 ||   608
Block: Other             |       |       |       |     5 |    10 ||    15
